 Dungeon Crawl Stone Soup version 0.17.2-1-ge4368a0 (webtiles) character file.

11 Goblin1989 the Skirmisher (level 2, -1/24 HPs)
             Began as a Demonspawn Abyssal Knight on Dec 22, 2017.
             Was a Follower of Lugonu.
             Slain by a giant gecko (3 damage)
             ... on level 1 of the Dungeon.
             The game lasted 00:02:32 (474 turns).

Goblin1989 the Skirmisher (DsAK)                     Turns: 474, Time: 00:02:32

Health: -1/24      AC:  5    Str: 12    XL:     2   Next: 13%
Magic:  4/4        EV: 10    Int: 13    God:    Lugonu [*.....]
Gold:   11         SH:  0    Dex: 12    Spells: 0 memorised, 1 level left

rFire  . . .     SeeInvis .     a - +1 hand axe
rCold  . . .     Clarity  .     d - +0 ring mail
rNeg   . . .     SustAt   .     (no shield)
rPois  .         Gourm    .     (no helmet)
rElec  .         Spirit   .     (no cloak)
rCorr  .         Warding  .     (no gloves)
rMut   .         Stasis   .     (no boots)
MR     .....                    (no amulet)
Stlth  ..........               (no ring)
                                (no ring)

@: not resistant to hostile enchantments, extremely unstealthy
A: hooves 1
a: Depart the Abyss, Renounce Religion


You were on level 1 of the Dungeon.
You worshipped Lugonu.
Lugonu was aware of your devotion.
You were not hungry.

You visited 1 branch of the dungeon, and saw 1 of its levels.
You visited the Abyss 1 time.

You collected 11 gold pieces.

Inventory:

Hand Weapons
 a - a +1 hand axe (weapon)
Armour
 d - a +0 ring mail (worn)
 f - a +0 helmet
Scrolls
 b - a scroll of immolation {unknown}
 c - a scroll of blinking {unknown}
Potions
 h - a potion of agility {unknown}
Comestibles
 e - 2 bread rations {@e1}
 g - a beef jerky


   Skills:
 - Level 3.0 Fighting
 - Level 2.1 Axes
 - Level 1.7 Armour
 - Level 0.8 Dodging
 * Level 0.1 Unarmed Combat
 + Level 3.0 Invocations


You had one spell level left.
You didn't know any spells.

Dungeon Overview and Level Annotations

Branches:
Dungeon (1/15)

Altars:


Innate Abilities, Weirdness & Mutations

You have large cloven feet.


Message History

Your unstable footing causes you to fumble your attack.
The giant gecko closely misses you. x2
Your unstable footing causes you to fumble your attack.
The giant gecko barely misses you.
You closely miss the giant gecko. Your kick misses the giant gecko.
You hit the plant but do no damage.
The giant gecko hisses menacingly.
The giant gecko bites you but does no damage.
You miss the giant gecko. Your kick misses the giant gecko.
You hit the plant but do no damage.
The giant gecko bites you but does no damage.
The giant gecko bites you.
You take 1 damage, and have 21/24 hp.
Your unstable footing causes you to fumble your attack.
The giant gecko barely misses you.
Your unstable footing causes you to fumble your attack.
The giant gecko bites you. The giant gecko barely misses you.
You take 1 damage, and have 20/24 hp.
Your unstable footing causes you to fumble your attack.
The giant gecko bites you.
You take 3 damage, and have 17/24 hp.
Your unstable footing causes you to fumble your attack.
The giant gecko barely misses you. The giant gecko bites you.
You take 2 damage, and have 15/24 hp.
Your unstable footing causes you to fumble your attack.
The giant gecko closely misses you.
You miss the giant gecko. You hit the plant but do no damage.
The giant gecko barely misses you.
Your unstable footing causes you to fumble your attack.
The giant gecko bites you but does no damage.
The giant gecko bites you.
You take 2 damage, and have 14/24 hp.
You are too injured to fight recklessly!
You are too injured to fight recklessly!
You are too injured to fight recklessly!
You are too injured to fight recklessly!
You are too injured to fight recklessly!
You are too injured to fight recklessly!
You are too injured to fight recklessly!
You are too injured to fight recklessly!
You are too injured to fight recklessly!
You are too injured to fight recklessly!
You are too injured to fight recklessly!
You are too injured to fight recklessly!
You are too injured to fight recklessly!
You are too injured to fight recklessly!
You are too injured to fight recklessly!
You are too injured to fight recklessly!
You are too injured to fight recklessly!
You are too injured to fight recklessly!
You are too injured to fight recklessly!
You are too injured to fight recklessly!
You are too injured to fight recklessly!
You are too injured to fight recklessly!
You are too injured to fight recklessly!
You are too injured to fight recklessly!
You are too injured to fight recklessly!
You closely miss the giant gecko.
You kick the giant gecko, but do no damage.
You hit the plant but do no damage. The giant gecko bites you.
You take 3 damage, and have 11/24 hp.
You miss the giant gecko. Your kick misses the giant gecko.
You hit the plant but do no damage. The giant gecko bites you.
* * * LOW HITPOINT WARNING * * *
The giant gecko misses you.
You take 3 damage, and have 8/24 hp.
Unknown command.
The giant gecko bites you but does no damage.
The giant gecko bites you.
* * * LOW HITPOINT WARNING * * *
You take 3 damage, and have 5/24 hp.
You closely miss the giant gecko. The giant gecko bites you.
* * * LOW HITPOINT WARNING * * *
The giant gecko bites you but does no damage.
You take 3 damage, and have 3/24 hp.
Unknown command.
You aren't in the Abyss!
Unknown command.
A giant newt comes into view.
The giant gecko barely misses you. The giant gecko bites you.
* * * LOW HITPOINT WARNING * * *
You take 2 damage, and have 2/24 hp.
You hit the giant gecko.
The giant gecko is moderately wounded.
The giant gecko closely misses you.
The giant gecko bites you but does no damage.
You hit the giant gecko.
The giant gecko is heavily wounded.
The giant gecko barely misses you.
You hit the giant gecko. Your kick misses the giant gecko.
The giant gecko is severely wounded.
The giant gecko bites you but does no damage. x2
You miss the giant gecko.
The giant gecko is severely wounded.
The giant gecko bites you but does no damage.
You closely miss the giant gecko.
The giant gecko is severely wounded.
The giant gecko bites you.
You die...

....█.........██..............█..
.>............██...........(..█..
..............██..............█..
.....███∆███████....█████████.█..
.....███.██ ████...........█..
.....██...██ █...........█..
███.█...█..██ █....÷......█.█
......███...███████...........█..
....███ ██......@ll...........███
....█ █.██████████.██████..███
....█ █.██████████.██████.....
....█ █.██.............██.████
....█ █.██..........l..██.█ █.
....█ █.██..█▲███████..██.█ █.
....█ █.██..█.......█..██.█ █†
....███ █.██..█.......█.....█ █.
......█ █..█.......█..██.█ █.


You could see a giant gecko and a giant newt.

Vanquished Creatures
  A ball python (D:1)
  3 bats (D:1)
  A giant cockroach (D:1)
  2 goblins (D:1)
  3 kobolds (D:1)
  2 rats (D:1)
12 creatures vanquished.

Notes
Turn   | Place    | Note
--------------------------------------------------------------
     0 | Abyss:1  | Goblin1989 the Demonspawn Abyssal Knight began the quest for the Orb.
     0 | Abyss:1  | Reached XP level 1. HP: 18/18 MP: 2/2
     7 | D:1      | Escaped the Abyss
   278 | D:1      | Gained mutation: You have large cloven feet. [demonic ancestry]
   278 | D:1      | Reached XP level 2. HP: 24/24 MP: 4/4
   474 | D:1      | Slain by a giant gecko

Action                   || total
-------------------------++-------
Melee: Hand axe          ||    62

Vault maps used:
D:1:      lemuel_arrival_room, serial_bayou_lagoon_b
